 Dungeon Crawl Stone Soup version 0.32-a0-986-ga09f62fbf4 (webtiles) character file.

Game seed: 7383247752436527401

612 bananaken the Trooper (level 7, -1/78 HPs)
             Began as an Oni Delver on Apr 21, 2024.
             Killed by nerve-wracking pain
             ... invoked by an orc priest
              (7 damage)
             ... on level 4 of the Dungeon.
             The game lasted 00:08:25 (3075 turns).

bananaken the Trooper (Oni Delver)                  Turns: 3075, Time: 00:08:26

Health: -1/78      AC:  3    Str: 19    XL:     7   Next: 44%
Magic:  7/7        EV: 10    Int: 11    God:
Gold:   52         SH:  0    Dex: 16    Spells: 6/6 levels left

rFire   . . .        a - +0 mace (vamp)
rCold   + . .        (no shield)
rNeg    . . .        b - +0 robe
rPois   .            (helmet restricted)
rElec   .            (no cloak)
rCorr   .            (gloves unavailable)
SInv    .            (boots unavailable)
Will    .....        (no amulet)
Stlth   +++          i - +6 ring of dexterity
HPRegen 0.33/turn    o - ring of protection from cold
MPRegen 0.10/turn

%: no passive effects
@: lethally poisoned (-1 -> -5)
A: large, unfitting armour, horns 1, tough skin 1, double potion healing,
drunken brawling
a: Convert to Beogh


You were on level 4 of the Dungeon.
You visited 1 branch of the dungeon, and saw 5 of its levels.

You collected 162 gold pieces.
You spent 110 gold pieces at shops.

Inventory:

Hand Weapons
 a - a +0 vampiric mace (weapon)
Missiles
 d - 4 poisoned darts
 h - 6 boomerangs (quivered)
Armour
 b - a +0 robe (worn)
Jewellery
 i - a +6 ring of dexterity (left hand)
 o - a ring of protection from cold (right hand)
Wands
 g - a wand of digging (3)
Scrolls
 c - a scroll of fog
 f - a scroll of poison
 n - a scroll of identify


   Skills:
 + Level 7.1 Fighting
 * Level 5.7 Maces & Flails
 + Level 3.3 Dodging
 - Level 3.7 Stealth


You had 6 spell levels left.
You didn't know any spells.
Your spell library contained the following spells:

 Spells                   Type           Power      Damage    Failure   Level
 Magic Dart               Conj           0%         1d3       34%         1
 Searing Ray              Conj           0%         2d4       47%         2
 Fulminant Prism          Conj/Alch      0%         3d5       98%         4


Dungeon Overview and Level Annotations

Branches:
Dungeon (5/15)
 Temple: D:4-7

Altars:

Shops:
D:1 =   D:3 (!

Annotations:
D:4 Pikel


Innate Abilities, Weirdness & Mutations

You are too large for most types of armour.
You have a pair of small horns on your head.
You have tough skin. (AC +1)
You gain doubled healing and magic from potions.
Whenever you drink a healing potion, you attack all around you.


Message History

The scorpion is moderately wounded.
You feel sick. The scorpion stings you. x2
Unknown command.
You closely miss the scorpion.
The scorpion is moderately wounded.
You feel sick. The scorpion stings you.
* * * LOW HITPOINT WARNING * * *
Unknown command.
Unknown command.
Okay, then.
You aren't carrying any potions.
You closely miss the scorpion.
The scorpion is moderately wounded.
You feel sick.
You are no longer poisoned.
The scorpion stings you.
* * * LOW HITPOINT WARNING * * *
You are poisoned.
The scorpion poisons you!
You thump the scorpion!
The scorpion is almost dead.
You feel very sick.
The scorpion stings you but does no damage. x2
Unknown command.
You hit the scorpion.
You kill the scorpion!
You feel sick.
The orc priest looks braver for a moment.
Unknown command.
You thump the lemure!
The lemure is moderately wounded.
You feel sick. The lemure hits you.
* * * LOW HITPOINT WARNING * * *
Unknown command.
You hit the lemure.
The lemure is heavily wounded.
You feel sick. The lemure hits you but does no damage.
The orc priest mumbles some strange prayers to Beogh against you.
Pain shoots through your body!
You die...

####.<..#........#,*****
##......#○§§☼......,,§§*
.......#.☼○§°.....,,,○,*
...###.##☼☼○§§...,,,§,**
..##,......○○○..,,,§##*
....,.>....#§§§#**#○○##
..##*###...###.###°§§§#
..######....#.K5#○☼○#**
..##.##......o##@☼§§#
..........55#..#°§☼##
5...........##oo°###
......##...5.#☼☼##
.....#*#....#####
##..#####5.##
...55...5...#
.#.##.....###
.#......#.#


You could see Pikel, a lemure and an orc priest.

Vanquished Creatures
  Eustachio (D:3)
  A black bear (D:4)
  2 scorpions (D:4)
  A hound (D:3)
  A jelly (D:4)
  A sleepcap (D:3)
  An iguana (D:3)
  4 gnolls (D:3)
  4 adders
  3 dart slugs
  3 ribbon worms
  7 endoplasms
  2 giant cockroaches
  4 hobgoblins
  6 kobolds
  4 quokkas
  7 ball pythons
  3 bats
  3 frilled lizards (D:2)
  5 goblins
  24 rats
87 creatures vanquished.

Notes
Turn   | Place    | Note
-------+----------+-------------------------------------------
     0 | D:5      | bananaken the Oni Delver began the quest for the Orb.
     0 | D:5      | Reached XP level 1. HP: 24/24 MP: 1/1
    19 | D:5      | Noticed a jelly
    35 | D:4      | Reached XP level 2. HP: 33/33 MP: 2/2
    62 | D:4      | Noticed Pikel
    63 | D:4      | Reached skill level 5 in Fighting
    63 | D:4      | Reached XP level 3. HP: 30/42 MP: 3/3
    69 | D:4      | Noticed Eustachio
   370 | D:3      | Found Muff's Distillery.
   586 | D:2      | Reached XP level 4. HP: 46/50 MP: 4/4
  1256 | D:1      | Found Hasiciep's Jewellery Shoppe.
  1953 | D:3      | Reached XP level 5. HP: 53/59 MP: 5/5
  1959 | D:3      | Reached skill level 6 in Fighting
  1968 | D:3      | Bought a potion of lignification for 30 gold pieces
  1968 | D:3      | Bought a potion of curing for 30 gold pieces
  1968 | D:3      | Bought a potion of heal wounds for 50 gold pieces
  2117 | D:3      | Found Rocuppej's Weapon Boutique.
  2624 | D:3      | HP: 1/59 [Eustachio/+0 rapier (9)]
  2645 | D:3      | Killed Eustachio
  2646 | D:3      | Reached XP level 6. HP: 68/68 MP: 6/6
  2755 | D:3      | Reached skill level 5 in Maces & Flails
  2907 | D:4      | Reached XP level 7. HP: 64/76 MP: 7/7
  2962 | D:4      | Reached skill level 7 in Fighting
  3075 | D:4      | Killed from afar by an orc priest

Illustrated notes

Levels and vault maps discovered:
D:1:      dpeg_arrival_simpleton_c, layout_basic, serial_shops, shop,
          minmay_misc_feat_rugged
D:2:      layout_rooms, minmay_rat_hole
D:3:      layout_basic, serial_shops, nicolae_shop_rolling_square, shop
D:4:      layout_cave_pools, st_stairs_14, minmay_circle_x, uniq_pikel,
          uniq_eustachio
D:5:      layout_basic, kennysheep_little_box

Skill      XL: |  1  2  3  4  5  6  7 |
---------------+----------------------+-----
Fighting       | 5 6 7 |  7.1
Maces & Flails | 3 4 5 |  5.7
Dodging        | 2 3 |  3.3
Stealth        | |  3.7

Action                     |  1- 3 |  4- 6 |  7- 9 || total
---------------------------+-------+-------+-------++-------
  Melee: Mace              |    48 |   168 |    22 ||   238
         Headbutt          |     7 |    32 |     4 ||    43
  Throw: Boomerang         |     4 |     8 |     1 ||    13
    Use: Potion            |     1 |     4 |       ||     5
         Scroll            |     2 |     5 |     1 ||     8
   Stab: Sleeping          |     4 |     9 |       ||    13
 Armour: Robe              |    27 |   129 |    31 ||   187
         Skin              |       |    67 |       ||    67
  Dodge: Dodged            |    14 |    86 |    16 ||   116

Table legend: (Time is in decaauts)
 A = Elapsed time spent in this place.
 B = Non-inter-level travel time spent in this place.
 C = Inter-level travel time spent in this place.
 D = Time resting spent in this place.
 E = Time spent auto-exploring this place.
 F = Levels seen in this place.
 G = Mean time per level.
                   A        B        C        D        E       F      G
               +--------+--------+--------+--------+--------+-----+--------+
         Total |   3117 |   2988 |    129 |    558 |   1663 |   5 |  623.4 |
       Dungeon |   3117 |   2988 |    129 |    558 |   1663 |   5 |  623.4 |
               +--------+--------+--------+--------+--------+-----+--------+

Top non-repeatable levels by time:
     D:3: 1452 daAuts
     D:1: 727 daAuts
     D:2: 607 daAuts
     D:4: 309 daAuts
     D:5: 21 daAuts
